[Event "FRA-ch Youth U14 2019"]
[Site "Hyeres"]
[Date "2019.04.14"]
[Round "1.1"]
[White "Nguyen-Cadoret, Nathan"]
[Black "Morais, Thomas"]
[Result "1-0"]
[ECO "A73"]
[WhiteElo "2211"]
[BlackElo "1786"]
[Annotator "NA"]
[PlyCount "87"]
[EventDate "2019.04.14"]
[EventType "swiss"]
[EventCountry "FRA"]
[SourceTitle "playchess.com"]
[Source "ChessBase"]
[SourceQuality "1"]
[TimeControl "5400+30"]

1. d4 Nf6 2. c4 c5 3. d5 e6 4. Nc3 exd5 5. cxd5 d6 6. e4 g6 7. Nf3 Bg7 8. Be2 O-O 9. O-O Bg4 10. Nd2 Bxe2 11. Qxe2 Re8 12. Re1 Nbd7 13. a4 Nb6 14. Qd3 Rc8 15. a5 c4 16. Qf1 Nbd7 17. Nxc4 Qc7 18. Nd2 Nc5 19. Ra3 Qd7 20. f3 Nh5 21. Nb3 Nxb3 22. Rxb3 Bxc3 23. bxc3 Rc5 24. a6 b6 25. Be3 Rc7 26. Bd4 Rec8 27. Rb4 Qe7 28. Qf2 Qg5 29. Re3 Rc4 30. Rxc4 Rxc4 31. e5 Ra4 32. exd6 Ra1+ 33. Re1 Nf4 34. Rxa1 Nh3+ 35. Kf1 Nxf2 36. Bxb6 Qxd5 37. Bxf2 Qxd6 38. Bxa7 Qd3+ 39. Kg1 Qxc3 40. Rb1 Qa5 41. Bd4 f5 42. a7 f4 43. Bf2 Kf7 44. h3 1-0

[Event "FRA-ch Youth U14 2019"]
[Site "Hyeres"]
[Date "2019.04.14"]
[Round "1.2"]
[White "Charil, Noa"]
[Black "Razafindratsima, Timothe"]
[Result "0-1"]
[ECO "D02"]
[WhiteElo "1784"]
[BlackElo "2181"]
[Annotator "NA"]
[PlyCount "106"]
[EventDate "2019.04.14"]
[EventType "swiss"]
[EventCountry "FRA"]
[SourceTitle "playchess.com"]
[Source "ChessBase"]
[SourceQuality "1"]
[TimeControl "5400+30"]

1. d4 Nf6 2. Nf3 g6 3. g3 Bg7 4. Bg2 O-O 5. O-O d5 6. b3 c5 7. e3 Nc6 8. Bb2 Bg4 9. Nbd2 Ne4 10. h3 Bf5 11. c3 Qa5 12. Nxe4 Bxe4 13. Qd2 Rfd8 14. Rfd1 Rac8 15. Ne1 Bxg2 16. Kxg2 e5 17. dxe5 Nxe5 18. Nd3 Nxd3 19. Qxd3 c4 20. Qc2 Qc5 21. Rac1 h5 22. h4 Qc6 23. Kh2 b5 24. b4 Be5 25. a4 a6 26. Ra1 Ra8 27. Ra3 Qe6 28. Qe2 bxa4 29. Rc1 a5 30. Rxa4 axb4 31. Rxb4 Ra2 32. Rc2 Bd6 33. Rb5 Qe4 34. Kg1 Be5 35. Qd1 Bf6 36. Rb6 Kg7 37. Rb5 Kg8 38. Rd2 Qe6 39. Kh2 Qc6 40. Qb1 Raa8 41. Ba1 Rxa1 42. Qxa1 Qxb5 43. e4 dxe4 44. Rxd8+ Bxd8 45. Qa8 Qd7 46. Qxe4 Qd3 47. Qe5 Qd7 48. Qe4 Qe6 49. Qa8 Qf6 50. Kg2 Kg7 51. Qc8 Bb6 52. Qxc4 Qxf2+ 53. Kh3 Qg1 0-1

[Event "FRA-ch Youth U14 2019"]
[Site "Hyeres"]
[Date "2019.04.14"]
[Round "1.3"]
[White "Maugenest, Ghislain"]
[Black "Mathez, Florian"]
[Result "1-0"]
[ECO "E36"]
[WhiteElo "2167"]
[BlackElo "1784"]
[Annotator "NA"]
[PlyCount "115"]
[EventDate "2019.04.14"]
[EventType "swiss"]
[EventCountry "FRA"]
[SourceTitle "playchess.com"]
[Source "ChessBase"]
[SourceQuality "1"]
[TimeControl "5400+30"]

1. d4 Nf6 2. c4 e6 3. Nc3 Bb4 4. Qc2 O-O 5. a3 Bxc3+ 6. Qxc3 d5 7. Bg5 Nbd7 8. e3 c6 9. Bd3 Ne4 10. Bxd8 Nxc3 11. Bh4 Ne4 12. f3 Nef6 13. Ne2 e5 14. c5 Re8 15. Kd2 b6 16. b4 e4 17. Bc2 Ba6 18. Nc3 Bc4 19. Bg3 Re6 20. Rhb1 Rae8 21. Bf2 h6 22. a4 Ra8 23. h3 g6 24. Ne2 Bxe2 25. Kxe2 Ree8 26. Kd2 Nh7 27. Bd1 f5 28. Bg3 Ng5 29. Be2 exf3 30. gxf3 Re6 31. h4 Nf7 32. Rc1 Rae8 33. Ra3 g5 34. hxg5 hxg5 35. b5 f4 36. Bf2 bxc5 37. dxc5 Nde5 38. b6 R6e7 39. Rb3 d4 40. e4 Rd7 41. a5 d3 42. Bd1 a6 43. Rb4 Red8 44. Rcb1 Kg7 45. Kc3 Rb7 46. Bd4 Kg6 47. Ba4 Rbd7 48. b7 Rb8 49. Rb6 Nxf3 50. Bxc6 Rxd4 51. Bd5+ Kg7 52. c6 Nd6 53. c7 Rxb7 54. Rxb7 Kf6 55. R7b6 d2 56. Rxd6+ Kg7 57. c8=Q d1=Q 58. Qg8# 1-0

[Event "FRA-ch Youth U14 2019"]
[Site "Hyeres"]
[Date "2019.04.14"]
[Round "1.4"]
[White "Hornet, Nicolas"]
[Black "Papadiamandis, Elliot"]
[Result "1/2-1/2"]
[ECO "E61"]
[WhiteElo "1783"]
[BlackElo "2157"]
[Annotator "NA"]
[PlyCount "98"]
[EventDate "2019.04.14"]
[EventType "swiss"]
[EventCountry "FRA"]
[SourceTitle "playchess.com"]
[Source "ChessBase"]
[SourceQuality "1"]
[TimeControl "5400+30"]

1. d4 Nf6 2. Bf4 g6 3. e3 Bg7 4. Nf3 d6 5. h3 O-O 6. Be2 Nbd7 7. O-O b6 8. c4 Bb7 9. Nc3 Ne4 10. Nxe4 Bxe4 11. Qd2 Bb7 12. Rfd1 Qe8 13. Rac1 e5 14. dxe5 Nxe5 15. Nxe5 Bxe5 16. Bh6 Bg7 17. Bxg7 Kxg7 18. Qd4+ f6 19. b4 Qe4 20. Qxe4 Bxe4 21. c5 dxc5 22. bxc5 Bf5 23. Bf3 Rad8 24. c6 Kf7 25. Bd5+ Be6 26. e4 Rd6 27. Rd4 Re8 28. Rcd1 Bxd5 29. exd5 Re2 30. a4 a6 31. Kf1 Rc2 32. g3 Rc5 33. Kg2 f5 34. f4 Rc2+ 35. Kf3 Rc3+ 36. Kg2 Re3 37. Kf2 Re7 38. R1d3 Re8 39. Re3 Red8 40. Red3 Rb8 41. Re3 Rbd8 42. Red3 h6 43. h4 Kf6 44. Kf3 Rh8 45. Re3 Rhd8 46. Red3 g5 47. hxg5+ hxg5 48. fxg5+ Kxg5 49. g4 Rf8 {[%emt 0:01:24] Ke4 [%clk 0:00:00]} 1/2-1/2

[Event "FRA-ch Youth U14 2019"]
[Site "Hyeres"]
[Date "2019.04.15"]
[Round "2.3"]
[White "Candelot, Clement"]
[Black "Maugenest, Ghislain"]
[Result "1-0"]
[ECO "C54"]
[WhiteElo "1875"]
[BlackElo "2167"]
[Annotator "RC"]
[PlyCount "91"]
[EventDate "2019.04.14"]
[EventType "swiss"]
[EventCountry "FRA"]
[SourceTitle "playchess.com"]
[Source "ChessBase"]
[SourceQuality "1"]
[TimeControl "5400+30"]

1. e4 e5 2. Nf3 Nc6 3. Bc4 Bc5 4. c3 Nf6 5. d4 exd4 6. cxd4 Bb4+ 7. Bd2 Bxd2+ 8. Nbxd2 d5 9. exd5 Nxd5 10. O-O O-O 11. Rc1 Nb6 12. Bb3 Bf5 13. Rc5 Ne7 14. Re1 Bg6 15. Ne4 c6 16. Qd2 Nbd5 17. Rcc1 a5 18. Ne5 a4 19. Bd1 a3 20. bxa3 Rxa3 21. Bb3 Nf5 22. Nc5 Nd6 23. Nxb7 Nxb7 24. Nxc6 Qf6 25. Bxd5 Nd6 26. Ne7+ Kh8 27. Nxg6+ hxg6 28. Bb3 Nf5 29. Rcd1 g5 30. Qd3 Rb8 31. Qh3+ Nh6 32. Qd7 Ra6 33. Qe7 Qg6 34. d5 Rd6 35. Bc2 Qf6 36. Qxf6 gxf6 37. Bb3 Kg7 38. f3 f5 39. Rc1 f4 40. Rc6 Nf5 41. Re5 Rxc6 42. dxc6 Kf6 43. c7 Rc8 44. Rc5 Ne3 45. Bc4 Nxc4 46. Rxc4 1-0

[Event "FRA-ch Youth U14 2019"]
[Site "Hyeres"]
[Date "2019.04.15"]
[Round "2.4"]
[White "Brehaut, Carl"]
[Black "Radovanovic, Luka"]
[Result "1/2-1/2"]
[ECO "D25"]
[WhiteElo "1861"]
[BlackElo "2111"]
[Annotator "NA RC"]
[PlyCount "74"]
[EventDate "2019.04.14"]
[EventType "swiss"]
[EventCountry "FRA"]
[SourceTitle "playchess.com"]
[Source "ChessBase"]
[SourceQuality "1"]
[TimeControl "5400+30"]

1. d4 d5 2. c4 dxc4 3. Nf3 Nf6 4. e3 Bg4 5. Nbd2 (5. Bxc4 e6 6. Nc3 Nc6 7. Be2 Bd6 8. O-O O-O 9. h3 Bh5 10. b3 Nd5 11. Bb2 f5 12. Nd2 Nxc3 13. Bxc3 Bxe2 14. Qxe2 Ne7 15. Nc4 Nd5 16. Bd2 Qh4 17. Qf3 Rf6 {½-½ (40) Lenderman,A (2637)-Edouard,R (2643) chess.com INT 2019}) 5... e6 6. Qa4+ {[%emt 0:01:40] D25: Queen's Gambit Accepted: 4 e3: sidelines and 4...Bg4} c6 7. Qxc4 Nbd7 8. Bd3 Bd6 9. O-O O-O 10. Qc2 e5 ({Black should play} 10... Rc8) 11. Nc4 Bxf3 $146 ({Predecessor:} 11... Qe7 12. dxe5 Bxe5 13. Nfxe5 Nxe5 14. Nxe5 Qxe5 {1-0 (38) Giorgadze,G-Matulovic,M (2445) Ankara 1995}) 12. Nxd6 Qc7 {[%emt 0:08:34] [#]} (12... Qb8 $14) 13. Nf5 (13. Nxf7 $1 $16 Bxg2 14. Kxg2 Rxf7 15. Bc4) 13... Bh5 14. Bd2 exd4 15. exd4 Nd5 16. Rfe1 N7f6 17. Qc5 Kh8 18. Rac1 Bg6 19. Bb1 Qd7 20. Ng3 Bxb1 21. Rxb1 b6 22. Qc2 Rfe8 23. Rxe8+ Rxe8 24. Rc1 Re6 25. Qd3 Nc7 26. b4 Nb5 27. Be3 Nd6 28. Qc3 Nde4 29. Nxe4 Nxe4 30. Qc4 Nf6 31. a4 Nd5 32. b5 cxb5 $2 {[%emt 0:00:47] [#]} (32... Ne7 $1 $11 {and Black is okay.}) 33. Qc8+ $2 ({White must play} 33. Qxd5 $1 $18 Qe8 (33... Qxd5 34. Rc8+) 34. Rc7) 33... Qe8 34. axb5 Nxe3 ({Black should try} 34... h6 $11) 35. Qxe8+ $15 Rxe8 36. fxe3 g6 37. Kf2 Re7 1/2-1/2

[Event "FRA-ch Youth U14 2019"]
[Site "Hyeres"]
[Date "2019.04.15"]
[Round "3.1"]
[White "Robert, Yoann"]
[Black "Razafindratsima, Timothe"]
[Result "1/2-1/2"]
[ECO "D91"]
[WhiteElo "1965"]
[BlackElo "2181"]
[Annotator "NA"]
[PlyCount "133"]
[EventDate "2019.04.14"]
[EventType "swiss"]
[EventCountry "FRA"]
[SourceTitle "playchess.com"]
[Source "ChessBase"]
[SourceQuality "1"]
[TimeControl "5400+30"]

1. d4 Nf6 2. Nf3 g6 3. c4 Bg7 4. Nc3 d5 5. Bg5 c6 6. e3 O-O 7. cxd5 Nxd5 8. Nxd5 cxd5 9. Bd3 Nc6 10. O-O Qb6 11. Qe2 Bg4 12. h3 Bd7 13. Bf4 Rfe8 14. Ne5 Nxe5 15. dxe5 Rac8 16. Rac1 a6 17. Bh2 Be6 $11 18. b3 d4 19. e4 Rc3 20. f4 Rec8 21. Rcd1 Bd7 22. Qf2 e6 23. f5 exf5 24. exf5 gxf5 25. Bxf5 Bxf5 26. Qxf5 d3+ 27. Kh1 Qg6 28. Qf3 b5 29. Bf4 h6 30. Rd2 Rd8 31. Qe3 Kh7 32. Rfd1 Rd5 33. g4 Bf8 34. h4 Rd7 35. Qf3 Rd4 36. Kh2 Qe4 37. Kg3 Qxf3+ 38. Kxf3 Be7 39. Be3 Rd8 40. Ke4 Rc2 41. Rxd3 Rxd3 42. Rxd3 Rxa2 43. Rd7 Bxh4 44. Rxf7+ Kg6 45. Rb7 Re2 46. Rb6+ Kg7 47. Kd3 Rb2 48. Kc3 Re2 49. Bxh6+ Kf7 50. e6+ Rxe6 51. Rxe6 Kxe6 52. Kb4 Bd8 53. Kc5 Ke5 54. Kc6 Ke6 55. Bf4 Kf6 56. Be3 Kg6 57. Bb6 Be7 58. Bc5 Bd8 59. Be3 Kf6 60. Bb6 Be7 61. Bc5 Bd8 62. Kd7 Ba5 63. Be7+ Kf7 64. b4 Bxb4 65. Bxb4 Kg6 66. Kc6 Kg5 67. Kb6 1/2-1/2

[Event "FRA-ch Youth U14 2019"]
[Site "Hyeres"]
[Date "2019.04.15"]
[Round "3.2"]
[White "Verhille, Elie"]
[Black "Mathieu, Phileas"]
[Result "1-0"]
[ECO "B51"]
[WhiteElo "1960"]
[BlackElo "2105"]
[Annotator "NA"]
[PlyCount "185"]
[EventDate "2019.04.14"]
[EventType "swiss"]
[EventCountry "FRA"]
[SourceTitle "playchess.com"]
[Source "ChessBase"]
[SourceQuality "1"]
[TimeControl "5400+30"]

1. e4 c5 2. Nf3 Nc6 3. Bb5 d6 4. O-O Nf6 5. Re1 Bd7 6. c3 a6 7. Bf1 Bg4 8. h3 Bh5 9. g4 Bg6 10. d4 e5 11. Bg2 Be7 12. dxe5 Nxe4 (12... dxe5 $14 13. Nbd2 O-O) 13. exd6 Qxd6 14. Qxd6 Nxd6 15. Bf4 O-O-O $2 (15... Nc4 $1 $11) 16. Nbd2 $16 ({White should play} 16. Ne5 $18 Nxe5 17. Rxe5 {[%mdl 64] Double Attack}) 16... Rhe8 17. a4 Bd3 18. Ne5 Nxe5 19. Rxe5 Nc4 20. Nxc4 Bxc4 21. Rae1 Be6 22. Bg5 h6 23. Bxe7 Rxe7 24. Rxc5+ Rc7 25. Rxc7+ Kxc7 26. f4 Rd7 27. b4 b6 28. f5 Bc4 29. Bf1 Bxf1 30. Kxf1 Kc6 31. Ke2 g6 32. Kf3 gxf5 33. gxf5 a5 34. Re3 axb4 35. cxb4 Ra7 36. b5+ Kd5 37. Re4 Ra8 38. Ke3 Ra7 39. Kd3 Ra8 40. Rh4 Ke5 41. Rxh6 Rxa4 42. Rxb6 Kxf5 43. Rb8 Ke6 44. Kc3 Rh4 45. Rc8 Kd7 46. Rc4 Rxh3+ 47. Kb4 Rh1 48. b6 Ra1 49. Kb5 f5 50. b7 Rb1+ 51. Ka6 Ra1+ 52. Kb6 Rb1+ 53. Ka7 Ra1+ 54. Kb8 Rb1 55. Rf4 Ke6 56. Kc7 Ke5 57. Rf1 Rxf1 58. b8=Q Rf3 59. Kd7+ Ke4 60. Ke6 Ke3 61. Qe5+ Kf2 62. Qh2+ Kf1 63. Qh1+ Kf2 64. Ke5 Ke2 65. Qh5 Kf2 66. Qh6 Kg2 67. Qg7+ Kf2 68. Qa7+ Kg2 69. Qd4 Kh2 70. Qd2+ Kg3 71. Qd1 Kg2 72. Qe1 Kh2 73. Qe2+ Kg3 74. Qd2 Kh3 75. Qc2 Kg3 76. Qe2 Rf2 77. Qe3+ Kg2 78. Qg5+ Kh3 79. Kf6 Rf3 80. Qg1 Kh4 81. Qg2 Rg3 82. Qf2 Kh3 83. Qxf5+ Kg2 84. Qe4+ Kh2 85. Kf5 Kg1 86. Kf4 Rg2 87. Kf3 Kh2 88. Qh7+ Kg1 89. Qh4 Ra2 90. Qg5+ Kh1 91. Qh6+ Kg1 92. Qg6+ Kh2 93. Qh7+ 1-0

[Event "FRA-ch Youth U14 2019"]
[Site "Hyeres"]
[Date "2019.04.15"]
[Round "3.3"]
[White "Droin, Augustin"]
[Black "Emmenecker, Pierre-Antoine"]
[Result "1-0"]
[ECO "C65"]
[WhiteElo "2088"]
[BlackElo "1950"]
[Annotator "NA"]
[PlyCount "105"]
[EventDate "2019.04.14"]
[EventType "swiss"]
[EventCountry "FRA"]
[SourceTitle "playchess.com"]
[Source "ChessBase"]
[SourceQuality "1"]
[TimeControl "5400+30"]

1. e4 e5 2. Nf3 Nc6 3. Bb5 Bc5 4. O-O Nd4 5. Nxd4 Bxd4 6. d3 Nf6 7. Nd2 {[%emt 0:00:00] C65: Ruy Lopez: Berlin Defence (3...Nf6), unusual lines and 4 0-0 Bc5} (7. c3 Bb6 8. Ba4 O-O 9. Bg5 h6 10. Bh4 d6 11. Nd2 g5 12. Bg3 Bg4 13. Qe1 Nh5 14. Bd1 Bxd1 15. Qxd1 Nxg3 16. hxg3 {½-½ (47) Caruana,F (2828)-Robson,R (2667) chess.com INT 2019}) 7... c6 8. Ba4 d6 {[%emt 0:01:56] LiveBook: 55 Games} 9. h3 h6 10. c3 Bb6 11. Nc4 Bc7 12. Bc2 $146 ({Predecessor:} 12. Ne3 O-O 13. Qf3 d5 14. Bc2 d4 {½-½ (44) Martin Perez,L (2212)-Martin Dinares,S (2077) Platja d'Aro 2015}) 12... Be6 13. Ne3 d5 14. Qf3 Qd7 15. Ba4 O-O-O 16. Rd1 $15 Qe7 17. Nf5 Bxf5 18. Qxf5+ Kb8 19. b4 d4 20. Bd2 dxc3 21. Bxc3 g6 22. Qf3 Bb6 23. Rac1 Bd4 24. a3 Bxc3 25. Rxc3 Rd4 26. Bb3 Rhd8 27. g3 R4d7 28. Qe3 h5 29. Kg2 Ne8 30. f4 Nd6 31. Rc5 exf4 32. Qxf4 Ka8 33. Re5 Qf8 34. Rf1 Nb5 35. Bxf7 Rxd3 36. Rf2 Nxa3 37. Bxg6 Qxb4 38. Rxh5 Nc4 39. e5 Rd1 40. h4 Qe1 41. Kh3 Ne3 42. Be4 Nd5 43. Bxd5 R1xd5 44. Qf6 Qh1+ 45. Rh2 Qd1 46. Rh8 Rxh8 47. Qxh8+ Rd8 48. Qf6 Re8 49. Qf7 Qd8 50. e6 Re7 51. Rd2 Qe8 52. Qxe8+ Rxe8 53. e7 1-0

[Event "FRA-ch Youth U14 2019"]
[Site "Hyeres"]
[Date "2019.04.15"]
[Round "3.4"]
[White "Durup De Baleine, Come"]
[Black "Roux, Baptiste"]
[Result "0-1"]
[ECO "B23"]
[WhiteElo "1421"]
[BlackElo "2054"]
[Annotator "NA RC"]
[PlyCount "58"]
[EventDate "2019.04.14"]
[EventType "swiss"]
[EventCountry "FRA"]
[SourceTitle "playchess.com"]
[Source "ChessBase"]
[SourceQuality "1"]
[TimeControl "5400+30"]

1. e4 c5 2. Nc3 Nc6 3. f4 g6 4. Nf3 Bg7 5. Bc4 e6 6. d3 Nge7 7. O-O O-O 8. Qe1 Nd4 9. Nxd4 cxd4 10. Ne2 d5 11. Bb3 a5 {[%emt 0:02:52] B23: Closed Sicilian: Lines without g3} (11... b5 12. Qf2 dxe4 13. dxe4 Qb6 14. Bd2 Bb7 15. Ng3 Bh6 16. Rad1 b4 17. c3 bxc3 18. bxc3 dxc3 19. Bxc3 Qxf2+ 20. Rxf2 {½-½ (59) Fritsche,L (2303)-Schweitzer,A (2239) Dresden 2018}) 12. a4 dxe4 13. dxe4 d3 14. cxd3 $146 ({Predecessor:} 14. Nc3 Nc6 15. Nb5 Nd4 16. Nxd4 Qxd4+ 17. Kh1 Bd7 18. cxd3 Qxd3 19. Rf3 {0-1 (26) Bassani,J (2041)-Da Silva,L (2182) Sao Paulo 2018}) 14... Qb6+ 15. Kh1 Qxb3 16. Qh4 Qxd3 17. Ng3 Nc6 18. Ra3 Qd8 19. Qh3 f5 20. Be3 b6 21. Ne2 Ba6 22. exf5 exf5 23. Nd4 Nxd4 24. Rd1 Qe7 25. Bxd4 Bxd4 26. g4 Bb7+ 27. Rf3 Qe2 {[%emt 0:01:28] Pin} 28. Rdf1 fxg4 29. Qxg4 Qxf1+ 0-1

[Event "FRA-ch Youth U14 2019"]
[Site "Hyeres"]
[Date "2019.04.16"]
[Round "4.1"]
[White "Candelot, Clement"]
[Black "Droin, Augustin"]
[Result "0-1"]
[ECO "B22"]
[WhiteElo "1875"]
[BlackElo "2088"]
[Annotator "NA"]
[PlyCount "90"]
[EventDate "2019.04.14"]
[EventType "swiss"]
[EventCountry "FRA"]
[SourceTitle "playchess.com"]
[Source "ChessBase"]
[SourceQuality "1"]
[TimeControl "5400+30"]

1. e4 c5 2. d4 cxd4 3. c3 Nf6 4. e5 Nd5 5. Nf3 Nc6 6. Bc4 Nb6 7. Bb3 d6 8. exd6 e6 9. cxd4 Bxd6 10. O-O O-O 11. Nc3 Nb4 12. a3 N4d5 13. Bc2 Nxc3 14. bxc3 Qc7 15. Qd3 g6 16. Bb3 Nd7 17. Bh6 Rd8 18. Bg5 Re8 19. h4 b6 20. h5 Bb7 21. hxg6 hxg6 22. Nd2 Bh2+ 23. Kh1 Bf4 24. Bxf4 Qxf4 25. Qe3 Qh4+ 26. Kg1 Kg7 27. f3 Nf6 28. Qe5 Rh8 29. Ne4 Bxe4 30. fxe4 Rh5 31. Qxf6+ Qxf6 32. Rxf6 Kxf6 33. Rf1+ Ke7 34. Rf3 Ra5 35. a4 b5 36. axb5 Rxb5 37. c4 Rb4 38. e5 a5 39. d5 a4 40. Ba2 Rb2 41. d6+ Ke8 42. Rh3 Kd7 43. Ra3 Ra5 44. c5 Rxc5 45. Rxa4 Rxe5 0-1

[Event "FRA-ch Youth U14 2019"]
[Site "Hyeres"]
[Date "2019.04.16"]
[Round "4.2"]
[White "Roux, Baptiste"]
[Black "Bottazzi, Ulysse"]
[Result "1-0"]
[ECO "B23"]
[WhiteElo "2054"]
[BlackElo "1967"]
[Annotator "NA"]
[PlyCount "65"]
[EventDate "2019.04.14"]
[EventType "swiss"]
[EventCountry "FRA"]
[SourceTitle "playchess.com"]
[Source "ChessBase"]
[SourceQuality "1"]
[TimeControl "5400+30"]

1. e4 c5 2. Nc3 Nc6 3. Bb5 Nd4 4. Nf3 g6 5. Nxd4 cxd4 6. Ne2 Bg7 7. O-O e6 8. f4 Ne7 9. d3 O-O 10. Ng3 d5 11. e5 Qa5 12. c4 dxc3 13. Ba4 cxb2 14. Bxb2 b5 15. Bb3 Qb6+ 16. d4 a5 17. Rb1 Ba6 18. Rf3 Rac8 19. Ne2 b4 20. g4 Rc7 21. Kg2 Rfc8 22. Ng3 Bc4 23. f5 Bxb3 24. axb3 Rc2+ 25. Kh1 exf5 26. gxf5 Nxf5 27. Nxf5 gxf5 28. Qd3 Qh6 29. Rh3 Qd2 30. Qg3 Rxb2 31. Rg1 Kf8 32. Qxg7+ Ke8 33. Rxh7 1-0

[Event "FRA-ch Youth U14 2019"]
[Site "Hyeres"]
[Date "2019.04.16"]
[Round "4.3"]
[White "Gresser, Baptiste"]
[Black "Auroux, William"]
[Result "0-1"]
[ECO "B08"]
[WhiteElo "1574"]
[BlackElo "1983"]
[Annotator "NA"]
[PlyCount "72"]
[EventDate "2019.04.14"]
[EventType "swiss"]
[EventCountry "FRA"]
[SourceTitle "playchess.com"]
[Source "ChessBase"]
[SourceQuality "1"]
[TimeControl "5400+30"]

1. e4 g6 2. d4 Bg7 3. Nc3 d6 4. Bc4 Nf6 5. Bg5 O-O 6. Nf3 Nc6 7. Qd2 Nxe4 8. Nxe4 d5 9. Bd3 dxe4 10. Bxe4 Re8 11. O-O-O Bg4 12. c3 a5 13. h3 Bxf3 14. Bxf3 Qd7 15. Bh6 Rad8 16. Bxg7 Kxg7 17. h4 h6 18. Rh3 e5 19. h5 g5 20. d5 Ne7 21. Qe2 Nc8 22. Rhh1 e4 23. Bg4 f5 24. Bh3 g4 25. Bxg4 fxg4 26. Rh4 Nd6 27. Rxg4+ Kh7 28. Rg6 Rg8 29. Rh1 Qf5 30. Re6 Rd7 31. Qe3 Qg5 32. Qxg5 Rxg5 33. g3 Rxd5 34. Rh4 Rf7 35. Rf4 Rxf4 36. gxf4 Rf5 0-1

[Event "FRA-ch Youth U14 2019"]
[Site "Hyeres"]
[Date "2019.04.16"]
[Round "4.4"]
[White "Razafindratsima, Timothe"]
[Black "Verhille, Elie"]
[Result "1-0"]
[ECO "C06"]
[WhiteElo "2181"]
[BlackElo "1960"]
[Annotator "NA"]
[PlyCount "91"]
[EventDate "2019.04.14"]
[EventType "swiss"]
[EventCountry "FRA"]
[SourceTitle "playchess.com"]
[Source "ChessBase"]
[SourceQuality "1"]
[TimeControl "5400+30"]

1. e4 e6 2. d4 d5 3. Nd2 Nf6 4. e5 Nfd7 5. Bd3 c5 6. c3 Nc6 7. Ngf3 g6 8. h4 h6 9. Nf1 Bg7 10. Ng3 Rb8 11. Qe2 a5 12. h5 g5 13. Be3 a4 14. O-O Qa5 15. Nh2 b5 16. f4 b4 17. fxg5 bxc3 18. gxh6 Bxe5 19. dxe5 Ndxe5 20. bxc3 Qxc3 21. Rac1 Qxd3 22. Rxc5 Qxe2 23. Nxe2 Ba6 24. Re1 Kd7 25. Nd4 Nxd4 26. Bxd4 Nd3 27. Bxh8 Rxh8 28. Ra5 Nxe1 29. Rxa6 Rxh6 30. Ng4 Rh8 31. h6 Nd3 32. Ra7+ Kd6 33. Rxf7 Nb4 34. h7 e5 35. Nf6 Ke6 36. Rf8 Rxf8 37. Ng8 Kf7 38. h8=Q Rxg8 39. Qxe5 Nxa2 40. Qxd5+ Kg7 41. Qxa2 Rf8 42. Qxa4 Rf6 43. g4 Kg6 44. Kg2 Kg5 45. Kg3 Rc6 46. Qb5+ 1-0

[Event "FRA-ch Youth U14 2019"]
[Site "Hyeres"]
[Date "2019.04.17"]
[Round "5.1"]
[White "Droin, Augustin"]
[Black "Roux, Baptiste"]
[Result "1-0"]
[ECO "B28"]
[WhiteElo "2088"]
[BlackElo "2054"]
[Annotator "NA RC"]
[PlyCount "117"]
[EventDate "2019.04.14"]
[EventType "swiss"]
[EventCountry "FRA"]
[SourceTitle "playchess.com"]
[Source "ChessBase"]
[SourceQuality "1"]
[TimeControl "5400+30"]

1. e4 c5 2. Nf3 a6 3. c3 d5 4. exd5 Qxd5 5. d4 e6 6. Bd3 Nc6 7. dxc5 Bxc5 8. Qe2 Nf6 9. Bg5 Ng4 10. Bh4 Nge5 11. Be4 Nxf3+ 12. Qxf3 Qd7 13. O-O f5 14. Bxc6 Qxc6 15. Qxc6+ bxc6 16. Rd1 Bb7 17. b4 Be7 18. Bxe7 Kxe7 19. Nd2 Rhd8 20. Nb3 Rxd1+ 21. Rxd1 Rd8 22. Rxd8 Kxd8 23. Nc5 Bc8 24. f4 Kc7 25. Kf2 Kd6 26. Nd3 Kd5 27. Ke3 Kc4 28. Kd2 Kd5 29. g3 Ke4 30. Ke2 Kd5 31. Ne5 c5 32. Kd3 cxb4 33. cxb4 Bb7 34. h4 h6 35. Nc4 Bc6 36. Nb6+ Kd6 37. Kd4 Be4 38. a4 Bc2 39. b5 Kc7 40. Kc5 axb5 41. axb5 Be4 42. Nc4 Kd7 43. Ne5+ Ke7 44. b6 Bb7 45. Nc4 g5 46. Nd6 gxh4 47. gxh4 Bd5 48. b7 Bxb7 49. Nxb7 Kf6 50. Kd6 Kg6 51. Kxe6 Kh5 52. Kxf5 Kxh4 53. Kg6 Kg4 54. f5 h5 55. f6 h4 56. f7 h3 57. f8=Q Kg3 58. Qf1 Kh2 59. Nc5 1-0

[Event "FRA-ch Youth U14 2019"]
[Site "Hyeres"]
[Date "2019.04.18"]
[Round "6.1"]
[White "Auroux, William"]
[Black "Droin, Augustin"]
[Result "0-1"]
[ECO "A29"]
[WhiteElo "1983"]
[BlackElo "2088"]
[Annotator "NA"]
[PlyCount "169"]
[EventDate "2019.04.14"]
[EventType "swiss"]
[EventCountry "FRA"]
[SourceTitle "playchess.com"]
[Source "ChessBase"]
[SourceQuality "1"]
[TimeControl "5400+30"]

1. c4 e5 2. g3 Nf6 3. Bg2 d5 4. cxd5 Nxd5 5. Nc3 Nb6 6. Nf3 Nc6 7. O-O Be7 8. a3 a5 9. d3 O-O 10. Be3 Be6 11. Na4 Nd5 12. Bc5 f6 13. Rc1 b6 14. Bxe7 Ndxe7 15. Qc2 Rc8 16. e3 Qe8 17. Nc3 Qf7 18. Qe2 Rfd8 19. Rfd1 Bb3 20. Rd2 f5 21. Nb5 Qf6 22. d4 e4 23. Ne1 Nd5 24. Nc3 Nxc3 25. bxc3 Qd6 26. Qb5 Be6 27. Rcd1 Qd5 28. Bf1 Qxb5 29. Bxb5 Na7 30. Be2 Bb3 31. Rb1 a4 32. Nc2 c5 33. c4 Nc6 34. Na1 cxd4 35. Nxb3 axb3 36. Rxb3 d3 37. Rxb6 dxe2 38. Rxe2 Ne5 39. Rb5 Nf3+ 40. Kg2 g6 41. Rb1 Rd2 42. Rxd2 Nxd2 43. Ra1 Nxc4 44. a4 Ra8 45. h3 Ra5 46. g4 fxg4 47. hxg4 Nb6 48. Kg3 Rxa4 49. Rb1 Nd5 50. Rb3 Ra7 51. f3 exf3 52. Kxf3 Rf7+ 53. Kg3 Re7 54. Kf3 Nf6 55. Rb8+ Kg7 56. Rb3 g5 57. Rb5 h6 58. Rb3 Nd7 59. Rc3 Ne5+ 60. Kg3 Rd7 61. Rc5 Kf6 62. Rb5 Rd3 63. Rb6+ Kg7 64. Rb7+ Kf8 65. Rb8+ Ke7 66. Rb7+ Kd8 67. Kf2 Nxg4+ 68. Kf3 Nxe3 69. Ke4 Ra3 70. Rh7 Ng4 71. Kf5 Ra4 72. Kg6 Rf4 73. Ra7 Rf6+ 74. Kh5 Rf4 75. Kg6 Ke8 76. Kh5 Kf8 77. Rb7 Re4 78. Ra7 Ne3 79. Kxh6 g4 80. Ra1 g3 81. Rg1 g2 82. Kg5 Rg4+ 83. Kf6 Rf4+ 84. Ke5 Rf1 85. Kd4 0-1

[Event "FRA-ch Youth U14 2019"]
[Site "Hyeres"]
[Date "2019.04.18"]
[Round "6.2"]
[White "Emmenecker, Pierre-Antoine"]
[Black "Maugenest, Ghislain"]
[Result "1-0"]
[ECO "C41"]
[WhiteElo "1950"]
[BlackElo "2167"]
[Annotator "NA"]
[PlyCount "115"]
[EventDate "2019.04.14"]
[EventType "swiss"]
[EventCountry "FRA"]
[SourceTitle "playchess.com"]
[Source "ChessBase"]
[SourceQuality "1"]
[TimeControl "5400+30"]

1. e4 e5 2. Nf3 Nc6 3. d4 exd4 4. Bc4 d6 5. Nxd4 Nf6 6. Nc3 Be7 7. O-O O-O 8. a4 Ne5 9. Ba2 c6 10. h3 Qa5 11. Be3 Rd8 12. Qd2 Qb4 13. f4 Nc4 14. Bxc4 Qxc4 15. b3 Qb4 16. a5 d5 17. Ra4 dxe4 18. Rxb4 Bxb4 19. Qc1 Bxc3 20. Ne2 Bxa5 21. Rd1 Rxd1+ 22. Qxd1 Nd5 23. Bd4 Bc7 24. Be5 Bxe5 25. fxe5 Bf5 26. g4 Bg6 27. c4 Nb6 28. Nf4 Re8 29. c5 Nd5 30. Nxd5 cxd5 31. Qxd5 e3 32. Kf1 Kf8 33. Ke2 h5 34. Qd6+ Re7 35. b4 hxg4 36. hxg4 Be4 37. b5 a6 38. c6 bxc6 39. bxc6 Bxc6 40. Qxc6 Rxe5 41. Qd6+ Re7 42. Qxa6 f6 43. Qc8+ Kf7 44. Qc4+ Kg6 45. Qd3+ Kh6 46. Qd5 Re5 47. Qf3 Kg5 48. Qh3 g6 49. Qf3 Re6 50. Qd5+ Re5 51. Qf3 Re7 52. Qg2 Re8 53. Qf3 Re5 54. Qg2 Kh4 55. Kf3 e2 56. Qg3+ Kg5 57. Qf4+ Kh4 58. Qh6+ 1-0